Cogmind - Beta 9.6 @@@ ROGUE MODE // 2020.07.11 @ 16:50:04 Player: CrossedViper Result: Destroyed by P-80 Master with Gamma Rifle Performance ------------- Evolutions (7) 3500 Regions Visited (16) 3200 Robots Destroyed (94) 470 Value Destroyed (3928) 3928 Prototype IDs (18) 360 Alien Tech Used (0) 0 Bonus (1000) 1000 TOTAL SCORE: 12458 Bonus ------- Met Warlord at Base 500 MAIN.C Attacked Warlord 500 Cogmind --------- Core Integrity 0/1300 Matter 182/300 Energy 100/100 System Corruption 11% Temperature Cool (0) Movement Core (50) Location -3/Research Parts ------- > --- POWER (2) -------- (None) > --- PROPULSION (3) --- (None) > --- UTILITY (12) ----- Advanced Core Analyzer > --- WEAPON (4) ------- (None) > --- INVENTORY (4) ---- Vortex Rifle Heavy Gauss Cannon Fusion Bomb Launcher Lance Peak State ------------ > --- POWER ------------ Light Antimatter Reactor > --- PROPULSION ------- Advanced Heavy Siege Treads Centrium Wheel > --- UTILITY ---------- Advanced Heat Sink Advanced Heat Sink Experimental Signal Interpreter Advanced Core Analyzer Hardened Medium Armor Plating Layered Heavy Armor Plating Layered Heavy Armor Plating Advanced Thermal Shield Hacking Suite Makeshift Hacking Suite > --- WEAPON ----------- Railgun Railgun Railgun Lance > --- INVENTORY -------- Mini Drone Bay Vortex Rifle Railgun Heavy Gauss Cannon [Rating: 126] Favorites ----------- Power Fission Core Engine Improved Deuterium Engine Power Core Fission Core Reactor Vortex Chain Reactor Propulsion Flexi-carbon Leg Treads Advanced Heavy Siege Treads Leg Flexi-carbon Leg Wheel Compact Wheel Utility High-capacity Storage Unit Device Improved Cooling System Storage High-capacity Storage Unit Processor Experimental Signal Interpreter Hackware Hacking Suite Protection Layered Heavy Armor Plating Weapon Flak Gun Energy Gun Force Rifle Energy Cannon Neutron Cannon Ballistic Gun Flak Gun Ballistic Cannon Magnetic Acceleration Cannon Launcher Heavy Shock Bomb Launcher Slashing Weapon Mining Claw Piercing Weapon Lance Build | -11 -10 -9 -8 -7 -6 -6 -6 -5 -5 -5 -5 -4 -4 -4 -4 -3 ------- Run | Scr Mat Mat Mat Fac Fac Was Fac Fac Upp Upp War Pro Fac Was Fac Res Slots Evolved 14 | . . 2 2 2 2 . . 2 . . . . 2 . . 2 Power 1 | . . . . 1 . . . . . . . . . . . . Propulsion 1 | . . . . . 1 . . . . . . . . . . . Utility 10 | . . 2 1 1 1 . . 1 . . . . 2 . . 2 Weapon 2 | . . . 1 . . . . 1 . . . . . . . . Parts Attached 179 | . 5 . 6 20 66 1 6 8 . 2 6 14 21 3 8 13 Power 23 | . 1 . 1 1 13 1 2 . . . 1 . 2 . . 1 Engine 12 | . 1 . 1 . 9 . 1 . . . . . . . . . Core 9 | . . . . 1 4 1 1 . . . . . 2 . . . Reactor 2 | . . . . . . . . . . . 1 . . . . 1 Propulsion 31 | . 2 . . 7 11 . 1 1 . . 2 . 4 2 . 1 Treads 3 | . . . . 2 . . . . . . . . . 1 . . Leg 22 | . . . . 2 11 . 1 1 . . 2 . 4 1 . . Wheel 6 | . 2 . . 3 . . . . . . . . . . . 1 Hover . | . . . . . . . . . . . . . . . . . Flight . | . . . . . . . . . . . . . . . . . Utility 62 | . 2 . 3 7 19 . 1 3 . 2 1 4 6 1 6 7 Device 31 | . . . . 2 13 . . 3 . . . 3 3 1 2 4 Storage 3 | . 2 . . . . . . . . . . . 1 . . . Processor 3 | . . . . 1 1 . . . . . . . . . . 1 Hackware 4 | . . . . 1 1 . . . . . . . 2 . . . Protection 21 | . . . 3 3 4 . 1 . . 2 1 1 . . 4 2 Artifact . | . . . . . . . . . . . . . . . . . Weapon 63 | . . . 2 5 23 . 2 4 . . 2 10 9 . 2 4 Energy Gun 21 | . . . . . 19 . . . . . 2 . . . . . Energy Cannon 14 | . . . . . 2 . . 2 . . . 5 5 . . . Ballistic Gun 17 | . . . 1 1 . . 1 2 . . . 4 4 . 2 2 Ballistic Cannon 4 | . . . 1 1 1 . 1 . . . . . . . . . Launcher 1 | . . . . . . . . . . . . 1 . . . . Special Weapon . | . . . . . . . . . . . . . . . . . Impact Weapon . | . . . . . . . . . . . . . . . . . Slashing Weapon 4 | . . . . 3 1 . . . . . . . . . . . Piercing Weapon 2 | . . . . . . . . . . . . . . . . 2 Special Melee Weapon . | . . . . . . . . . . . . . . . . . Unidentified Prototypes 10 | . . . . . 2 . . 2 . . 3 1 . 1 . 1 Parts Lost 94 | . . . . 14 31 1 2 . . . 4 7 19 . 1 15 Power 11 | . . . . 2 7 . . . . . . . 1 . . 1 Propulsion 16 | . . . . 5 4 . 1 . . . . . 3 . 1 2 Utility 33 | . . . . 3 9 1 . . . . 1 4 5 . . 10 Weapon 34 | . . . . 4 11 . 1 . . . 3 3 10 . . 2 Highest Loss Streak 15 | . . . . 9 9 1 1 . . . 3 4 15 . 1 14 Average Slot Usage (%) 79 | . 96 77 84 73 84 84 84 87 88 88 77 71 69 30 44 67 Engine 3 | . 14 11 9 2 5 1 2 5 5 5 1 . . . . . Core 2 | . . . . . 3 11 10 5 5 5 1 . 5 . . . Reactor 1 | . . . . . . . . . . . 3 5 2 . . 2 Leg 13 | . 5 . . 6 16 20 19 17 17 17 16 17 14 9 3 . Wheel 2 | . 21 22 18 7 . . . . . . . . . . . 3 Device 10 | . . . . 2 11 17 13 16 17 16 10 10 7 2 6 11 Storage 8 | . 25 22 18 15 12 6 6 5 5 5 5 5 6 . . . Processor 4 | . . . . 5 3 6 6 5 5 5 5 5 5 5 5 5 Hackware 2 | . . . . 3 5 . . . . . . . 8 10 10 8 Protection 6 | . . . 15 5 5 2 6 5 5 5 5 9 1 . 8 14 Energy Gun 5 | . 28 22 12 . 12 13 10 3 . . 5 . . . . . Energy Cannon 2 | . . . . . 3 3 . 1 5 5 4 . 2 . . . Ballistic Gun 5 | . . . 6 4 . . 2 11 11 11 4 5 13 . 4 11 Ballistic Cannon 2 | . . . 5 2 . . 6 5 5 5 5 3 . . . . Slashing Weapon 1 | . . . . 14 1 . . . . . . . . . . . Naked Turns . | . . . . . . . . . . . . . . . . . Heaviest Build 146 | 11 73 73 89 97 113 70 117 126 126 126 139 146 98 3 49 97 Greatest Support 80 | 20 26 26 26 40 60 60 60 56 56 56 66 66 75 3 80 80 Greatest Overweight (x) 6 | . 2 2 3 6 5 1 2 2 2 2 2 2 1 . . 6 Average Overweight (x) 1 | . 1 2 2 2 1 . 1 2 2 2 1 1 . . . 2 Largest Inventory Capacity 20 | . 20 20 20 20 20 12 12 12 12 12 12 12 12 12 4 4 Average Capacity 14 | . 17 20 20 20 19 12 12 12 12 12 12 12 12 4 4 4 Most Carried 18 | . 7 4 6 12 18 12 9 12 12 12 12 12 11 3 4 4 Average Carried 9 | . 4 4 4 7 10 10 7 10 11 11 11 9 4 1 3 3 Final Capacity 20 | 6 20 20 20 20 12 12 12 12 12 12 12 12 12 4 4 4 Final Carried 12 | 6 4 4 5 11 10 12 9 12 12 9 10 10 1 1 4 4 Class Distribution -------------------- 26% | Scavenger-Skirmisher 18% | Hauler-Mutant 12% | Mutant 9% | Hauler-Gunner 8% | Hauler-Tank 5% | Skirmisher 4% | Scavenger-Mutant 4% | Hacker-Mutant 3% | Scavenger-Tank 3% | Hacker-Tank Dominant Class ---------------- Hauler-Mutant | -10/Materials Hauler-Mutant | -9/Materials Hauler-Tank | -8/Materials Hauler-Mutant | -7/Factory Hauler-Gunner | -6/Factory Scavenger-Mutant | -6/Waste Scavenger-Skirmisher | -6/Factory Scavenger-Skirmisher | -5/Factory Scavenger-Skirmisher | -5/Upper Caves Scavenger-Skirmisher | -5/Upper Caves Mutant | -5/Warlord Mutant | -4/Proximity Caves Scavenger-Tank | -4/Factory Hacker-Mutant | -4/Waste Hacker-Mutant | -4/Factory Hacker-Tank | -3/Research Resources | -11 -10 -9 -8 -7 -6 -6 -6 -5 -5 -5 -5 -4 -4 -4 -4 -3 ----------- Run | Scr Mat Mat Mat Fac Fac Was Fac Fac Upp Upp War Pro Fac Was Fac Res Matter Collected 3132 | 200 . 50 164 250 714 29 137 267 99 183 186 332 200 . 94 227 Remotely . | . . . . . . . . . . . . . . . . . Salvage Created 4355 | . 14 145 247 353 1330 603 238 384 55 84 . 462 240 . . 200 Parts 227 | . 5 16 19 15 64 13 12 20 1 10 . 17 22 . . 13 Haulers Intercepted . | . . . . . . . . . . . . . . . . . Recyclers Shooed 2 | . . . . . 1 . 1 . . . . . . . . . Parts Field Recycled . | . . . . . . . . . . . . . . . . . Retrieved Matter . | . . . . . . . . . . . . . . . . . Parts Self-Destructed 130 | . . . . . . . . . . 11 113 6 . . . . Prevented 31 | . . . . . . . . . . . 21 10 . . . . Kills | -11 -10 -9 -8 -7 -6 -6 -6 -5 -5 -5 -5 -4 -4 -4 -4 -3 ------- Run | Scr Mat Mat Mat Fac Fac Was Fac Fac Upp Upp War Pro Fac Was Fac Res Combat Hostiles Destroyed 78 | . . 2 4 9 23 2 2 6 1 4 . 11 11 . . 3 Melee 7 | . . . . 3 1 . . . . . . . . . . 3 Guns 23 | . . 2 2 1 9 1 . 4 1 1 . . 2 . . . Cannons 31 | . . . 2 5 6 1 2 2 . 3 . 1 9 . . . AOE 6 | . . . . . . . . . . . . 6 . . . . Classes Destroyed 13 | . 1 1 2 1 3 1 1 . 1 . . 1 1 . . . Worker 2 | . . . . . 2 . . . . . . . . . . . Builder 8 | . . . 2 . 4 . . 1 . . . . . . . 1 Recycler 1 | . . . . . . . 1 . . . . . . . . . Operator 1 | . . . . . . . . . . . . . 1 . . . Watcher 4 | . 1 1 . 1 1 . . . . . . . . . . . Swarmer 31 | . . . . 4 9 . . . . 4 . 6 7 . . 1 Grunt 12 | . . . 1 3 3 . . 3 . . . 1 . . . 1 Sentry 15 | . . 2 3 2 2 . 2 2 . . . 1 . . . 1 Hunter 8 | . . . . . 4 . . . . . . 2 2 . . . Programmer 8 | . . . . . 5 . . 1 . . . . 2 . . . Behemoth 1 | . . . . . . . . . . . . 1 . . . . Compactor 2 | . . . . . . 2 . . . . . . . . . . Mutant 1 | . . . . . . . . . 1 . . . . . . . Best Kill Streak 10 | . 1 2 3 3 10 2 1 5 1 4 . 5 9 . . 2 Combat Bots Only 9 | . . 2 2 3 8 2 1 4 1 4 . 5 9 . . 1 Max Kills in Single Turn 3 | . 1 1 2 1 2 1 1 2 1 2 . 3 2 . . 1 Gunslinging . | . . . . . . . . . . . . . . . . . Exploded 3 | . . . . . . . . . . . . 3 . . . . Melee 1 | . . . . 1 1 . . . . . . . . . . 1 Uniques/NPCs Destroyed . | . . . . . . . . . . . . . . . . . Combat | -11 -10 -9 -8 -7 -6 -6 -6 -5 -5 -5 -5 -4 -4 -4 -4 -3 -------- Run | Scr Mat Mat Mat Fac Fac Was Fac Fac Upp Upp War Pro Fac Was Fac Res Damage Taken 16984 | . . 42 212 1644 3858 54 207 482 119 230 2156 1364 1884 40 443 4249 Core 2603 | . . 15 12 287 528 . 15 20 17 14 73 50 272 . . 1300 Absorbed by Shields 108 | . . . . . 108 . . . . . . . . . . . Core Remaining (%) 80 | 100 100 96 97 59 . . 36 . . . . 82 . . 76 . Volleys Fired 274 | . 1 4 13 23 84 9 8 17 4 5 45 28 27 . . 6 Largest 4 | . 2 2 3 3 3 3 3 4 4 4 2 4 4 . . 3 Hottest 221 | . 90 90 100 100 190 185 208 199 199 199 143 196 221 . . 105 Shots Fired 663 | . 2 8 39 57 195 26 23 61 14 20 67 64 70 . . 17 Gun 377 | . 2 8 26 34 142 17 16 32 7 10 1 18 47 . . 17 Cannon 268 | . . . 13 23 53 9 7 29 7 10 66 28 23 . . . Launcher 18 | . . . . . . . . . . . . 18 . . . . Special . | . . . . . . . . . . . . . . . . . Kinetic 285 | . . . 26 55 4 . 11 45 10 15 26 29 47 . . 17 Thermal 227 | . 1 4 . . 119 26 12 16 4 5 40 . . . . . Explosive . | . . . . . . . . . . . . . . . . . Electromagnetic 116 | . 1 4 13 2 72 . . . . . . 18 6 . . . Entropic 35 | . . . . . . . . . . . 1 17 17 . . . Robot Hit Streak 13 | . 1 7 13 9 9 7 11 8 8 6 . 7 13 . . 9 Robot Miss Streak 7 | . . 1 4 6 7 1 2 6 7 4 . 2 6 . . 1 Penetration Max . | . . . . . . . . . . . . . . . . . Secondary Targets 1 | . . . . . 1 . . . . . . . . . . . Max Gunslinging Chain 1 | . . . . . 1 . . . . . . . . . . . Shots Hit Robots 397 | . 1 7 25 46 122 21 9 47 10 11 . 41 36 . . 21 Core Hits 195 | . 1 5 11 20 42 5 10 40 8 11 . 14 16 . . 12 Critical Hits 4 | . . . . 1 . 2 . . . 1 . . . . . . Critical Kills 2 | . . . . 1 . . . . . 1 . . . . . . Critical Parts Destroyed . | . . . . . . . . . . . . . . . . . Melee Attacks 65 | . . . . 23 33 . . . . . . . . . . 9 Impact . | . . . . . . . . . . . . . . . . . Slashing 56 | . . . . 23 33 . . . . . . . . . . . Piercing 9 | . . . . . . . . . . . . . . . . 9 Sneak Attacks . | . . . . . . . . . . . . . . . . . Combat Hostiles . | . . . . . . . . . . . . . . . . . Follow-up Attacks 6 | . . . . 6 . . . . . . . . . . . . Damage Inflicted 11119 | . 24 87 386 846 3050 543 311 1034 317 301 . 1997 1557 . 21 645 Guns 4766 | . 24 87 210 287 1880 325 203 607 148 79 . 188 388 . . 340 Cannons 4183 | . . . 113 286 700 218 94 427 169 222 . 785 1169 . . . Explosions 1183 | . . . 63 22 74 . . . . . . 1024 . . . . Melee 913 | . . . . 251 385 . . . . . . . . . . 277 Ramming 74 | . . . . . 11 . 14 . . . . . . . 21 28 Kinetic 3047 | . . . 209 548 38 . 160 676 243 154 . 291 388 . . 340 Thermal 3177 | . . 51 63 22 1770 543 137 358 74 147 . 12 . . . . Explosive . | . . . . . . . . . . . . . . . . . Electromagnetic 2119 | . 24 36 114 25 846 . . . . . . 1012 62 . . . Impact . | . . . . . . . . . . . . . . . . . Slashing 636 | . . . . 251 385 . . . . . . . . . . . Piercing 277 | . . . . . . . . . . . . . . . . 277 Entropic 1789 | . . . . . . . . . . . . 682 1107 . . . Highest Corruption 33 | . . . . . 21 33 33 6 6 6 12 7 4 4 4 11 Average Corruption 11 | . . . . . 18 26 33 5 6 6 5 4 3 4 4 6 Corruption Purged . | . . . . . . . . . . . . . . . . . Effects 216 | . . . . . 102 15 27 10 24 12 . 20 1 . 3 2 Message Errors 40 | . . . . . 15 . 5 3 7 2 . 4 . . 3 1 Matter Fused 35 | . . . . . 13 1 3 2 6 4 . 6 . . . . Heat Flow Errors 16 | . . . . . 5 2 . 1 4 2 . 2 . . . . Energy Discharges 19 | . . . . . 9 2 2 . 3 1 . 2 . . . . Parts Rejected 4 | . . . . . 3 1 . . . . . . . . . . Data Loss (minor) 12 | . . . . . 3 2 . 1 2 2 . 1 . . . 1 Data Loss (major) 10 | . . . . . 7 1 . 1 1 . . . . . . . Misfires 5 | . . . . . 3 . 1 . 1 . . . . . . . Alerts 2 | . . . . . 2 . . . . . . . . . . . Misdirections 14 | . . . . . 6 1 7 . . . . . . . . . Targeting Errors 48 | . . . . . 28 4 8 1 . 1 . 5 1 . . . Weapon Failures 11 | . . . . . 8 1 1 1 . . . . . . . . Overload Shots . | . . . . . . . . . . . . . . . . . Overflow Damage 302 | . . . 4 2 42 . . 5 . . . 59 190 . . . Projectiles 237 | . . . . . 15 . . 5 . . . 27 190 . . . Explosions 36 | . . . 4 . . . . . . . . 32 . . . . Melee 29 | . . . . 2 27 . . . . . . . . . . . Knockbacks 10 | . . . 1 1 4 . 1 1 . 2 . . . . . . Impact . | . . . . . . . . . . . . . . . . . Kinetic 8 | . . . 1 1 2 . 1 1 . 2 . . . . . . Secondary 2 | . . . . . 2 . . . . . . . . . . . Self-Inflicted Damage 165 | . . . . 29 69 . 7 . . . . 47 . . . 13 Shots 6 | . . . . 1 1 . . . . . . 4 . . . . Rammed 11 | . . . . . 1 . 1 . . . . . . . 3 6 Targets Rammed 12 | . . . . . 2 . 1 . . . . . . . 3 6 Kicked 1 | . . . . . 1 . . . . . . . . . . . Crushed . | . . . . . . . . . . . . . . . . . Highest Temperature 449 | . 30 72 243 78 449 170 306 108 226 190 167 196 124 . . 352 Average Temperature 89 | . 17 33 96 25 130 82 125 11 67 38 32 66 58 . . 139 Received Heat Transfer 1573 | . . 18 81 372 523 . 60 162 . . 21 120 . . 102 114 Effects 9 | . . . 2 . 3 . 1 . . . . . . . . 3 Shutdowns 3 | . . . . . 2 . . . . . . . . . . 1 Energy Bleed 2 | . . . . . . . 1 . . . . . . . . 1 Interference 2 | . . . 2 . . . . . . . . . . . . . Matter Decay 1 | . . . . . 1 . . . . . . . . . . . Short Circuit 1 | . . . . . . . . . . . . . . . . 1 Siege Activations . | . . . . . . . . . . . . . . . . . Robots Corrupted 10 | . . . . . 6 . . . . . . 4 . . . . Combat Hostiles 10 | . . . . . 6 . . . . . . 4 . . . . Parts Fried 18 | . . . . . 13 . . . . . . 5 . . . . Impact Corruptions . | . . . . . . . . . . . . . . . . . Robots Melted . | . . . . . . . . . . . . . . . . . Combat Hostiles . | . . . . . . . . . . . . . . . . . Parts Melted 12 | . . . . . 11 . 1 . . . . . . . . . Heat Transferred 4714 | . . 148 100 50 2737 905 274 300 50 100 . 50 . . . . Parts Sabotaged . | . . . . . . . . . . . . . . . . . Parts Stolen . | . . . . . . . . . . . . . . . . . Parts Stripped . | . . . . . . . . . . . . . . . . . Power Chain Reactions 4 | . . . 1 1 1 . . . . . . 1 . . . . Missiles Intercepted . | . . . . . . . . . . . . . . . . . Alert | -11 -10 -9 -8 -7 -6 -6 -6 -5 -5 -5 -5 -4 -4 -4 -4 -3 ------- Run | Scr Mat Mat Mat Fac Fac Was Fac Fac Upp Upp War Pro Fac Was Fac Res Peak Influence 316 | . 22 106 238 264 300 105 129 316 . . . . 205 64 41 104 Average Influence 74 | . 4 65 124 106 60 82 75 88 . . . . 127 61 23 37 Maximum Alert Level 1 | . . . 1 1 1 . . 1 . . . . 1 . . . Low Security (%) 93 | . 100 100 76 85 93 100 100 93 . . . . 92 100 100 100 Level 1 6 | . . . 23 14 6 . . 6 . . . . 7 . . . Level 2 . | . . . . . . . . . . . . . . . . . Level 3 . | . . . . . . . . . . . . . . . . . Level 4 . | . . . . . . . . . . . . . . . . . Level 5 . | . . . . . . . . . . . . . . . . . High Security . | . . . . . . . . . . . . . . . . . Max Security . | . . . . . . . . . . . . . . . . . Squads Dispatched 21 | . . . 1 3 8 . . 3 . . . . 3 . . 3 Investigation 2 | . . . . 1 1 . . . . . . . . . . . Extermination 7 | . . . . 1 3 . . 1 . . . . 1 . . 1 Reinforcement 7 | . . . 1 1 1 . . . . . . . 2 . . 2 Assault 1 | . . . . . . . . 1 . . . . . . . . Garrison 4 | . . . . . 3 . . 1 . . . . . . . . Intercept . | . . . . . . . . . . . . . . . . . Construction Impeded 3 | . . . . . 1 . . . . . . . 1 . . 1 Haulers Reinforced . | . . . . . . . . . . . . . . . . . Stealth | -11 -10 -9 -8 -7 -6 -6 -6 -5 -5 -5 -5 -4 -4 -4 -4 -3 --------- Run | Scr Mat Mat Mat Fac Fac Was Fac Fac Upp Upp War Pro Fac Was Fac Res Distress Signals 5 | . . . . . 4 . . . . . . . . . . 1 Communications Jammed . | . . . . . . . . . . . . . . . . . Distress Signals . | . . . . . . . . . . . . . . . . . Times Spotted 208 | . 1 3 6 15 45 6 2 13 1 4 27 14 24 6 5 36 Peak Tracking Total 21 | . 1 2 4 4 6 4 1 5 1 4 20 5 9 6 4 21 Tactical Retreats 16 | . . . 1 2 6 . . 1 . . 1 2 . . . 3 Traps | -11 -10 -9 -8 -7 -6 -6 -6 -5 -5 -5 -5 -4 -4 -4 -4 -3 ------- Run | Scr Mat Mat Mat Fac Fac Was Fac Fac Upp Upp War Pro Fac Was Fac Res Traps Triggered 17 | . . . 1 2 10 . . . 1 . . . 1 . . 2 Indirectly . | . . . . . . . . . . . . . . . . . Trap Hack Attempts . | . . . . . . . . . . . . . . . . . Triggered . | . . . . . . . . . . . . . . . . . Disarmed . | . . . . . . . . . . . . . . . . . Reprogrammed . | . . . . . . . . . . . . . . . . . Reused . | . . . . . . . . . . . . . . . . . Traps Extracted . | . . . . . . . . . . . . . . . . . Installed . | . . . . . . . . . . . . . . . . . Triggered 10 | . . . . . . . . . . 1 8 1 . . . . Machines | -11 -10 -9 -8 -7 -6 -6 -6 -5 -5 -5 -5 -4 -4 -4 -4 -3 ---------- Run | Scr Mat Mat Mat Fac Fac Was Fac Fac Upp Upp War Pro Fac Was Fac Res Machines Disabled 9 | . . . . . 1 . . 2 1 . 2 . 2 . . 1 Max in Single Turn 1 | . . . . . 1 . . 1 1 . 1 . 1 . . 1 Garrison Access 2 | . . . . . . . . 1 . . . . . . . 1 Machines Sabotaged . | . . . . . . . . . . . . . . . . . Garrisons Compromised . | . . . . . . . . . . . . . . . . . Overloaded Fab Kills . | . . . . . . . . . . . . . . . . . Fab Network Shutdowns . | . . . . . . . . . . . . . . . . . Hacking | -11 -10 -9 -8 -7 -6 -6 -6 -5 -5 -5 -5 -4 -4 -4 -4 -3 --------- Run | Scr Mat Mat Mat Fac Fac Was Fac Fac Upp Upp War Pro Fac Was Fac Res Machines Accessed 18 | . . 1 . . 5 . 2 2 . . 4 . 1 . 1 2 Terminals 13 | . . 1 . . 5 . 2 2 . . . . 1 . 1 1 Fabricators . | . . . . . . . . . . . . . . . . . Repair Stations . | . . . . . . . . . . . . . . . . . Recycling Units . | . . . . . . . . . . . . . . . . . Scanalyzers . | . . . . . . . . . . . . . . . . . Garrison Access 1 | . . . . . . . . . . . . . . . . 1 Total Hacks 43 | . . 1 . . 13 . 6 4 . . 13 . 1 . 1 4 Successful 23 | . . 1 . . 3 . 2 1 . . 13 . . . . 3 Failed 20 | . . . . . 10 . 4 3 . . . . 1 . 1 1 Catastrophic 3 | . . . . . . . 1 . . . . . 1 . 1 . Database Lockouts . | . . . . . . . . . . . . . . . . . Manual 11 | . . . . . 4 . 5 . . . . . 1 . 1 . Terminals 29 | . . 1 . . 13 . 6 4 . . . . 1 . 1 3 Fabricators . | . . . . . . . . . . . . . . . . . Repair Stations . | . . . . . . . . . . . . . . . . . Recycling Units . | . . . . . . . . . . . . . . . . . Scanalyzers . | . . . . . . . . . . . . . . . . . Garrison Access 1 | . . . . . . . . . . . . . . . . 1 Terminal Hacks 21 | . . 1 . . 3 . 1 1 . . 13 . . . . 2 Record 8 | . . . . . . . . . . . 8 . . . . . Prototype ID Bank 4 | . . . . . . . . . . . 4 . . . . . Open Door 1 | . . . . . . . . . . . 1 . . . . . Level Access Points 1 | . . . . . 1 . . . . . . . . . . . Branch Access Points 2 | . . . . . 1 . . . . . . . . . . 1 Alert Level 4 | . . 1 . . 1 . 1 . . . . . . . . 1 Surveillance Status 1 | . . . . . . . . 1 . . . . . . . . Fabricator Hacks . | . . . . . . . . . . . . . . . . . Repair Station Hacks . | . . . . . . . . . . . . . . . . . Recycling Unit Hacks . | . . . . . . . . . . . . . . . . . Scanalyzer . | . . . . . . . . . . . . . . . . . Garrison Access Hacks 1 | . . . . . . . . . . . . . . . . 1 Seal Access 1 | . . . . . . . . . . . . . . . . 1 Unauthorized Hacks 1 | . . . . . . . 1 . . . . . . . . . Terminals 1 | . . . . . . . 1 . . . . . . . . . Botnet 1 | . . . . . . . 1 . . . . . . . . . Fabricators . | . . . . . . . . . . . . . . . . . Repair Stations . | . . . . . . . . . . . . . . . . . Recycling Units . | . . . . . . . . . . . . . . . . . Scanalyzers . | . . . . . . . . . . . . . . . . . Garrison Access . | . . . . . . . . . . . . . . . . . Data Cores Recovered 1 | . . . . . . . . . . . . . 1 . . . Used . | . . . . . . . . . . . . . . . . . Hacking Detections 13 | . . 1 . . 5 . 2 2 . . . . 1 . 1 1 Full Trace Events 1 | . . . . . 1 . . . . . . . . . . . Feedback Events . | . . . . . . . . . . . . . . . . . Feedback Blocked . | . . . . . . . . . . . . . . . . . Robot Schematics Acquired . | . . . . . . . . . . . . . . . . . Robots Built . | . . . . . . . . . . . . . . . . . Matter . | . . . . . . . . . . . . . . . . . Time . | . . . . . . . . . . . . . . . . . Total Robot Build Rating . | . . . . . . . . . . . . . . . . . Part Schematics Acquired . | . . . . . . . . . . . . . . . . . Parts Built . | . . . . . . . . . . . . . . . . . Matter . | . . . . . . . . . . . . . . . . . Time . | . . . . . . . . . . . . . . . . . Total Part Build Rating . | . . . . . . . . . . . . . . . . . Parts Repaired . | . . . . . . . . . . . . . . . . . Time . | . . . . . . . . . . . . . . . . . Parts Recycled . | . . . . . . . . . . . . . . . . . Recycled Matter . | . . . . . . . . . . . . . . . . . Retrieved Matter . | . . . . . . . . . . . . . . . . . Retrieved Components . | . . . . . . . . . . . . . . . . . Parts Scanalyzed . | . . . . . . . . . . . . . . . . . Part Schematics Acquired . | . . . . . . . . . . . . . . . . . Parts Damaged . | . . . . . . . . . . . . . . . . . Bothacking | -11 -10 -9 -8 -7 -6 -6 -6 -5 -5 -5 -5 -4 -4 -4 -4 -3 ------------ Run | Scr Mat Mat Mat Fac Fac Was Fac Fac Upp Upp War Pro Fac Was Fac Res Used RIF Installer . | . . . . . . . . . . . . . . . . . Robots Hacked . | . . . . . . . . . . . . . . . . . Non-combat . | . . . . . . . . . . . . . . . . . Combat . | . . . . . . . . . . . . . . . . . Robot Hacks Applied . | . . . . . . . . . . . . . . . . . Relay Couplers Released 1 | . . . . . . . . 1 . . . . . . . . Machine Destruction 1 | . . . . . . . . 1 . . . . . . . . Robots Rewired 4 | . . . . . . . . . 4 . . . . . . . Allies Hacked . | . . . . . . . . . . . . . . . . . Hacks Repelled . | . . . . . . . . . . . . . . . . . Allies | -11 -10 -9 -8 -7 -6 -6 -6 -5 -5 -5 -5 -4 -4 -4 -4 -3 -------- Run | Scr Mat Mat Mat Fac Fac Was Fac Fac Upp Upp War Pro Fac Was Fac Res Total Allies 6 | . . . . . . 1 . . 4 . . . . 1 . . Largest Group 4 | . . . . . . 1 . . 4 . . . . 1 . . Highest-Rated Group 106 | . . . . . . 31 . . 106 . . . . 46 . . Highest-Rated Ally 46 | . . . . . . 31 . . 31 . . . . 46 . . Total Orders 1 | . . . . . . . . . . . . . . . 1 . EXPLORE 1 | . . . . . . . . . . . . . . . 1 . Ally Attacks 39 | . . . . . . 15 . . 11 . . . . 13 . . Total Damage 795 | . . . . . . 276 . . 240 . . . . 279 . . Kills . | . . . . . . . . . . . . . . . . . Allies Corrupted . | . . . . . . . . . . . . . . . . . Allies Melted . | . . . . . . . . . . . . . . . . . Intel | -11 -10 -9 -8 -7 -6 -6 -6 -5 -5 -5 -5 -4 -4 -4 -4 -3 ------- Run | Scr Mat Mat Mat Fac Fac Was Fac Fac Upp Upp War Pro Fac Was Fac Res Robot Analysis Total . | . . . . . . . . . . . . . . . . . Derelict Logs Recovered 2 | . . . . . . . . . . 2 . . . . . . Drone Launches 6 | . . . . . . . . . . . . . . . 6 . Drone Recoveries . | . . . . . . . . . . . . . . . . . Exploration | -11 -10 -9 -8 -7 -6 -6 -6 -5 -5 -5 -5 -4 -4 -4 -4 -3 ------------- Run | Scr Mat Mat Mat Fac Fac Was Fac Fac Upp Upp War Pro Fac Was Fac Res Turns Passed 8511 | . 134 185 194 875 1977 156 230 573 757 446 1283 666 365 55 124 491 Spaces Moved 4763 | 1 107 158 118 469 839 95 122 250 404 236 788 391 200 86 141 358 Core 291 | . . . . . . . . . . . . . . 86 114 91 Treads 61 | . . . . 14 . . . . . . . . . . 27 20 Legs 3529 | 1 19 . . 184 839 95 122 250 404 236 788 391 200 . . . Wheels 882 | . 88 158 118 271 . . . . . . . . . . . 247 Hover . | . . . . . . . . . . . . . . . . . Flight . | . . . . . . . . . . . . . . . . . Fastest Speed 50 | 120 110 110 110 110 150 120 150 180 180 180 136 136 120 50 50 50 Average Speed 146 | 120 112 110 118 149 173 128 155 180 180 180 141 136 127 50 71 112 Slowest Speed 270 | 120 180 110 120 200 270 150 180 180 180 180 180 172 150 50 160 160 Overloaded Moves . | . . . . . . . . . . . . . . . . . Propulsion Burnouts . | . . . . . . . . . . . . . . . . . Robots Hopped . | . . . . . . . . . . . . . . . . . Cave-ins Triggered 2 | . . . . . . . . . . . 2 . . . . . Exploration Rate (%) 33 | 2 24 22 18 15 25 81 6 9 62 43 83 62 11 73 8 18 Regions Visited 16 Branch Regions 4 Pre-discovered Areas 1 | . . . . . . . . . . 1 . . . . . . Known Exits Taken 8 | . . . . 1 . . 1 1 1 1 1 1 . . 1 . Unknown Exits Taken 4 | 1 1 1 1 . . . . . . . . . . . . . Scrap Searched 3 | . . . . . . . . . 1 2 . . . . . . Spaces Dug 52 | . . . . . . . 2 1 . . 49 . . . . . Terrain Destroyed 102 | . . . 1 4 9 . 2 8 1 2 49 25 1 . . . Melee . | . . . . . . . . . . . . . . . . . Projectile 80 | . . . . . 6 . 2 8 1 2 49 11 1 . . . AOE 22 | . . . 1 4 3 . . . . . . 14 . . . . Actions | -11 -10 -9 -8 -7 -6 -6 -6 -5 -5 -5 -5 -4 -4 -4 -4 -3 --------- Run | Scr Mat Mat Mat Fac Fac Was Fac Fac Upp Upp War Pro Fac Was Fac Res Total 5675 | . 119 161 145 562 1134 109 145 334 425 246 881 471 265 101 160 417 Wait 162 | . 1 . . 6 37 2 . 39 . . 25 31 4 2 2 13 Move 4748 | . 106 157 117 468 839 94 121 249 403 235 786 390 200 85 140 358 Hop . | . . . . . . . . . . . . . . . . . Pick Up 148 | . 2 . 7 24 59 1 6 12 2 1 8 7 11 3 4 1 Fast Attach 23 | . 1 . . . . . . . . . 1 2 . . 7 12 Attach 132 | . 2 . 4 17 60 . 5 5 . 2 4 8 19 3 1 2 Detach 4 | . . . . . . . . . . 1 1 1 . . . 1 Swap 25 | . 2 . 2 3 6 1 1 3 . . 1 4 2 . . . Drop 65 | . 4 . 2 4 9 2 3 9 1 2 9 . 2 8 1 9 Fire 274 | . 1 4 13 23 84 9 8 17 4 5 45 28 27 . . 6 Melee 59 | . . . . 17 33 . . . . . . . . . . 9 Ram 6 | . . . . . . . . . . . . . . . . 6 Kick 3 | . . . . . 2 . 1 . . . . . . . . . Crush 3 | . . . . . . . . . . . . . . . 3 . Escape Stasis 6 | . . . . . 5 . . . . . 1 . . . . . Rewire 15 | . . . . . . . . . 15 . . . . . . . Trap . | . . . . . . . . . . . . . . . . . Miscellaneous 2 | . . . . . . . . . . . . . . . 2 . Route ------- -11/Scrapyard -10/Materials -9/Materials -8/Materials -7/Factory (discovered 2 exits: *Fac / *Sto) -6/Factory (discovered 8 exits: Fac x4 / Low x2 / Ext x2) -6/Waste -6/Factory -5/Factory -5/Upper Caves -5/Upper Caves -5/Warlord -4/Proximity Caves -4/Factory (discovered 2 exits: Upp x2) -4/Waste -4/Factory -3/Research (discovered 2 exits: Qua x2) History --------- Turn | Location | Event 1 | -11/Scrapyard | Discovered new exit (range 0) 1 | -11/Scrapyard | Entered Materials 122 | -10/Materials | Discovered new exit (range 12) 135 | -10/Materials | Entered another Materials area 135 | -9/Materials | Evolved 2 slots: Utility x2 315 | -9/Materials | Discovered new exit (range 3) 320 | -9/Materials | Entered another Materials area 320 | -8/Materials | Evolved 2 slots: Utility x1, Weapon x1 321 | -8/Materials | Build established: Hauler-Mutant 494 | -8/Materials | Discovered new exit (range 10) 514 | -8/Materials | Entered Factory 514 | -7/Factory | Evolved 2 slots: Power x1, Utility x1 611 | -7/Factory | Discovered new exit (range 14) 748 | -7/Factory | Identified exit to Storage 889 | -7/Factory | Lost 9 parts (2p2n2u3w) 1060 | -7/Factory | Lost 4 parts (3n1u) 1295 | -7/Factory | Discovered new exit (range 15) 1321 | -7/Factory | Identified exit to Factory 1389 | -7/Factory | Entered another Factory area 1389 | -6/Factory | Evolved 2 slots: Propulsion x1, Utility x1 1492 | -6/Factory | Found Launcher Loader 1839 | -6/Factory | Build established: Hauler-Gunner 1896 | -6/Factory | Identified exit to Lower Caves 1896 | -6/Factory | Identified exit to Extension 1896 | -6/Factory | Identified exit to Factory 2004 | -6/Factory | System corruption reached 10% 2080 | -6/Factory | Lost 9 parts (2p2n3u2w) 2250 | -6/Factory | Lost 9 parts (2p1n2u4w) 2340 | -6/Factory | Lost 5 parts (2p2u1w) 2388 | -6/Factory | Found Prototype Processor 2389 | -6/Factory | Identified Exp. Signal Interpreter 3148 | -6/Factory | Garrison activated, responded to threat 3193 | -6/Factory | Lost 4 parts (1p1u2w) 3216 | -6/Factory | Core integrity fell below 50% 3225 | -6/Factory | Destroyed 8 combat bots 3366 | -6/Factory | Sucked down chute 3366 | -6/Factory | Entered Waste 3367 | -6/Waste | Met a frightened Derelict 3372 | -6/Waste | Spotted C-40 Crusher 3381 | -6/Waste | EMP discharged 3384 | -6/Waste | Destroyed C-40 Crusher 3400 | -6/Waste | Spotted C-40 Crusher 3400 | -6/Waste | Spotted C-40 Crusher 3403 | -6/Waste | Destroyed C-40 Crusher 3420 | -6/Waste | Crushed by Compactor (1 part destroyed, 1 dropped) 3439 | -6/Waste | Found Damper Plating 3465 | -6/Waste | Spotted C-40 Crusher 3468 | -6/Waste | Spotted C-40 Crusher 3473 | -6/Waste | Spotted C-40 Crusher 3481 | -6/Waste | EMP discharged 3481 | -6/Waste | System corruption reached 30% 3509 | -6/Waste | Discovered new exit (range 10) 3521 | -6/Waste | Identified exit to Factory 3522 | -6/Waste | Entered Factory 3695 | -6/Factory | Discovered exit to Factory (range 8) 3752 | -6/Factory | Entered another Factory area 3752 | -5/Factory | Evolved 2 slots: Utility x1, Weapon x1 4224 | -5/Factory | Garrison activated, responded to threat 4274 | -5/Factory | Build established: Scavenger-Skirmisher 4292 | -5/Factory | Discovered new exit (range 15) 4321 | -5/Factory | Identified exit to Upper Caves 4325 | -5/Factory | Entered Upper Caves 4464 | -5/Upper Caves | Attacked by a delusional Derelict stockpiling Unaware 5071 | -5/Upper Caves | Discovered new exit (range 8) 5080 | -5/Upper Caves | Identified exit to Upper Caves 5082 | -5/Upper Caves | Entered another Upper Caves area 5410 | -5/Upper Caves | Learned 4 Factory zone layouts 5489 | -5/Upper Caves | Discovered new exit (range 8) 5498 | -5/Upper Caves | Identified exit to Warlord 5528 | -5/Upper Caves | Entered Warlord 5562 | -5/Warlord | System corruption reached 10% 5590 | -5/Warlord | System corruption cleaned by Quarantine Array 5867 | -5/Warlord | Met Warlord 5892 | -5/Warlord | Warlord's base attacked by MAIN.C 5905 | -5/Warlord | Found Prototype Reactor 5906 | -5/Warlord | Identified Vortex Chain Reactor 6089 | -5/Warlord | Found Prototype Energy Cannon 6091 | -5/Warlord | Found Prototype Energy Cannon 6098 | -5/Warlord | Found Prototype Energy Cannon 6100 | -5/Warlord | Found Prototype Energy Cannon 6105 | -5/Warlord | Found Prototype Energy Gun 6108 | -5/Warlord | Found Prototype Energy Gun 6108 | -5/Warlord | Identified Vortex Rifle (x2) 6242 | -5/Warlord | Warlord forces counterattacked 6395 | -5/Warlord | Build established: Skirmisher 6598 | -5/Warlord | Crushed by falling debris 6643 | -5/Warlord | Spotted Striker 6746 | -5/Warlord | Crushed by falling debris 6766 | -5/Warlord | Spotted Striker 6801 | -5/Warlord | Discovered new exit (range 9) 6806 | -5/Warlord | Lost 3 parts (1u2w) 6810 | -5/Warlord | Identified exit to Proximity Caves 6811 | -5/Warlord | Entered Proximity Caves 6840 | -4/Proximity Caves | Identified Vortex Cannon (x4) 6862 | -4/Proximity Caves | Build established: Mutant 7112 | -4/Proximity Caves | Attracted the attention of an 0b10 checkpoint 7154 | -4/Proximity Caves | Lost 4 parts (3u1w) 7400 | -4/Proximity Caves | Spotted B-86 Titan 7435 | -4/Proximity Caves | Destroyed B-86 Titan 7470 | -4/Proximity Caves | Discovered new exit (range 6) 7475 | -4/Proximity Caves | Identified exit to Factory 7477 | -4/Proximity Caves | Entered Factory 7477 | -4/Factory | Evolved 2 slots: Utility x2 7478 | -4/Factory | Identified exit to Upper Caves 7670 | -4/Factory | Destroyed 9 combat bots 7675 | -4/Factory | Lost 15 parts (1p2n5u7w) 7842 | -4/Factory | Sucked down chute 7842 | -4/Factory | Entered Waste 7843 | -4/Waste | Met a frightened Derelict 7851 | -4/Waste | Spotted C-40 Crusher 7851 | -4/Waste | Spotted C-40 Crusher 7870 | -4/Waste | Lost 3 parts (1n2w) 7878 | -4/Waste | Spotted C-40 Crusher 7878 | -4/Waste | Spotted C-40 Crusher 7884 | -4/Waste | Spotted C-40 Crusher 7888 | -4/Waste | Spotted C-40 Crusher 7890 | -4/Waste | Discovered new exit (range 16) 7897 | -4/Waste | Identified exit to Factory 7897 | -4/Waste | Entered Factory 7957 | -4/Factory | Discovered new exit (range 25) 8019 | -4/Factory | Identified exit to Research 8021 | -4/Factory | Entered Research 8021 | -3/Research | Evolved 2 slots: Utility x2 8071 | -3/Research | Spotted B-86 Titan 8157 | -3/Research | Identified exit to Quarantine 8379 | -3/Research | Spotted B-86 Titan 8435 | -3/Research | Found Fusion Bomb Launcher 8481 | -3/Research | Spotted B-86 Titan 8484 | -3/Research | Core integrity fell below 50% 8490 | -3/Research | System corruption reached 10% 8508 | -3/Research | Core integrity fell below 20% 8512 | -3/Research | Destroyed by P-80 Master with Gamma Rifle Last Messages --------------- 08489_ Triggered Shock Trap. 08489_ The floor emits a surge of raw power. 08489_ System corrupted (+1). 08491_ Hacking Suite destroyed. 08498_ I=WX8&WFU FTLZYUJSHEKHHXU=ULY 08502_ Penetrated by Slug. 08502_ Slug penetrates K-01 Serf. 08502_ K-01 Serf destroyed. 08505_ K-01 Serf collects debris. 08506_ Penetrated by Slug. 08506_ Slug penetrates Wall. 08507_ K-01 Serf collects debris. 08508_ ALERT: Hostiles spotted, dispatching reinforcements to Terminal R006. 08509_ Slug penetrates Wall. 08509_ Penetrated by Slug. 08509_ U-05 Engineer destroyed. 08510_ P-80 Master resets S-43 Plague, system corruption cleaned. 08511_ Acquired 27 matter. 08511_ Mak. Hacking Suite destroyed. Map ----- +----------------------------------------------------+ | ?????????????????????????????????????????????????? | | ?????????????????????????????????????????????????? | | ?????????????????????????????????????????????????? | | ?????????????????????????????????????????????????? | | ?????????????????????????????????????????????????? | | ?????????????????????????????????????????????>???? | | ?????????????????????????????????????????????????? | | ?????????????????????????????????????????????????? | | ????????????????????>????????????????????????????? | | ?????????????????????????????????????????????????? | | ?????????????????????????????????????????????????? | | ?????????????????????????????????????????????????? | | ?????????????????????????????? ?????????????????? | | ?????????????????????????????? ?????????????????? | | ???????????????????#?????????#t##????????????????? | | ???????????????????# ???????? ?????????????????? | | ???????????????????# ######## ?????????????????? | | ???????????????????? wt ??????????????????? | | ???????????????????? #??????????????????? | | ????????????????????? #??????????????????? | | ?????????????????????? #??????????????????? | | ??????????????????????# #??????????????????? | | ??????????????????????# ####???????????????? | | ??????????????????????# "" #???????????????? | | ????????????????????### """#???????????????? | | ????????????????????#" !!@! T"#???????????????? | | ????????????????????#""!!/ """#???????????????? | | ????????????????????#""!!/| "" #???????????????? | | ????????????????????#"" ####???????????????? | | ????????????????????#"" ##?????????????????? | | ????????????????????#"T #?????????????????? | | ????????????????????#"" #?????????????????? | | ????????????????????#"" +?????????????????? | | ????????????????????#"" #?????????????????? | | ????????????????????#"" #?????????????????? | | ????????????????????#" l #?????????????????? | | ????????????????####### p #?????????????????? | | ??????????????? g h #?????????????????? | | ?????????????? = s #?????????????????? | | ??????????????? sh #?????????????????? | | ??????????????? #?????????????????? | | ???????????????############ #????? #??????????? | | ??????????????????????????# % #??? ????????????? | | ??????????????????????????# ! ###/########??????? | | ??????????????????????????# ???? | | ??????????????????????????# ???? | | ?????????????????########## ???? | | ?????????????????+ ????? | | ?????????????????#### #########/######+###????? | | ????????????????????# #???????? ????????????? | +----------------------------------------------------+ Best States ------------- Heat Dissipation 94 Energy Generation 55 Energy Capacity 700 Matter Stores 300 Matter Capacity 450 Sight Range 16 Robot Scan Range 20 Terrain Scan Density 10 Armor Coverage 1650 Resistance: KI 25 Resistance: TH 30 Resistance: EM 90 Evasion (%) 50 Core Analysis 10 Recoil Reduction 2 Energy Filtering 30 Particle Charging 15 Kinecelleration 30 Offensive Hacking 21 Defensive Hacking 10 Item Schematics ----------------- None Robot Schematics ------------------ None Fabricated ------------ Nothing Alien Tech Used ----------------- None Achievements -------------- None Challenges ------------ None Game ------ Seed KineticChargeWings Manual? 0 Play Time 01:01:21 Cumulative 51.0 hours Start 2020.07.11 @ 15:51:28 End 2020.07.11 @ 16:50:04 Sessions 1 Manual Loads 0 Difficulty Rogue Special Mode None Game No. 49 Rogue 48 Adventurer 0 Explorer 1 Win Type - Total 0 Types 0/0/0/0/0/0/0 Lore% 43 Gallery% 68 Achievement% 49 Wizard Run 0 Options --------- ASCII 0 Keyboard 0 Movement Numpad Keybinds 0 Fullscreen 1 Font 18/SmallcapsGlow Map View 76x50 Tactical HUD 1 Map Filters NONE Filters NONE Steam 1 RUN: b74d5ffe-506e-4162-bdbe-e53c82d6699b